AoeStats
← Guest

Nomad

508097144Analyzed
2v2 RM · 13d ago on Sep 20, 2026· 49m 18s· 4 players
Game mode
Random Map
Map size
176×176
Population
200
Speed
Normal
Resources
Standard
Victory
Conquest
Starting age
Dark Age
Ending age
Imperial Age
RankedLock teamsTeams togetherTeam positionsShared explorationLock speedFull tech treeHidden civsTurbo modeCheats
Victory
Defeat
🇲🇽 Persians · Mexico
1285
+15
🇲🇽 Italians · Mexico
1285
+15
🇨🇱 Celts · Chile
1310
-16
🇨🇱 Bohemians · Chile
1231
-14
gustalheim96
6:29 Loom
14:08 Feudal Age
16:14 Double-Bit Axe
18:34 Castle Age
17:05 Stone Mining
17:08 Gold Mining
18:59 Town Watch
19:28 Bow Saw
26:55 Wheelbarrow
33:08 Imperial Age
Nikko_agm
4:02 Loom
14:26 Feudal Age
16:40 Double-Bit Axe
20:12 Wheelbarrow
23:43 Castle Age
32:19 Chemistry
38:50 Imperial Age
37:31 Wagenburg Tactics
42:17 Houfnice
44:33 Pikeman
45:13 Squires
44:59 Arson
45:20 Scale Mail Armor
45:30 Forging
45:52 Halberdier
Guest
4:09 Loom
13:28 Feudal Age
14:11 Double-Bit Axe
14:27 Fishing Lines
15:18 Town Watch
19:30 Castle Age
19:28 Gold Mining
19:47 Fletching
20:08 Gillnets
20:33 Bodkin Arrow
22:02 Bow Saw
24:48 Wheelbarrow
34:43 Scale Barding Armor
34:49 Forging
35:18 Bloodlines
35:08 Husbandry
36:38 Chain Barding Armor
37:20 Hand Cart
39:08 Iron Casting
39:53 Horse Collar
41:07 Heavy Plow
42:31 Gold Shaft Mining
41:46 Stone Mining
41:59 Stone Mining
45:07 Imperial Age
46:10 Plate Barding Armor
45:51 Cavalier
47:58 Blast Furnace
47:43 Fervor
48:25 Savar
TheDave
5:00 Loom
15:43 Feudal Age
18:00 Gold Mining
17:58 Double-Bit Axe
18:00 Horse Collar
20:46 Castle Age
19:29 Stone Mining
22:49 Town Watch
23:47 Wheelbarrow
28:07 Imperial Age
25:56 Bow Saw
31:55 Fletching
32:07 Padded Archer Armor
37:07 Stone Shaft Mining
42:20 Squires
42:24 Scale Mail Armor
42:36 Forging
43:15 Arson
44:10 Hand Cart
45:41 Town Patrol
47:45 Guilds
48:21 Chain Mail Armor
48:48 Iron Casting
48:54 Masonry
Connection lost

Rejoining the realm…

Still unreachable

The connection could not be restored.

Session expired

The server has moved on; the page needs a fresh start.